 Dungeon Crawl Stone Soup version 0.31-a0-1338-gb567cfdca4 (webtiles) character file.

Game seed: 5684071145151514734

196 jasper the Twirler (level 5, -3/41 HPs)
             Began as a Human Gladiator on Dec 22, 2023.
             Slain by Pikel
             ... wielding a +0 whip of flaming
              (6 damage)
             ... on level 3 of the Dungeon.
             The game lasted 00:03:04 (2002 turns).

jasper the Twirler (Human Gladiator)                Turns: 2002, Time: 00:03:04

Health: -3/41      AC:  7    Str: 16    XL:     5   Next: 74%
Magic:  5/5        EV: 11    Int:  9    God:
Gold:   100        SH:  0    Dex: 14    Spells: 4/4 levels left

rFire   + . .        a - +0 quarterstaff
rCold   . . .        (shield currently unavailable)
rNeg    . . .        f - +0 ring mail
rPois   .            c - +0 helmet
rElec   .            (no cloak)
rCorr   .            j - +0 pair of gloves
SInv    .            (no boots)
Will    +....        (no amulet)
Stlth   +            n - ring of protection from fire
HPRegen 0.26/turn    (no ring)
MPRegen 0.09/turn

%: no passive effects
@: enlightened, flying, hasted, very quick
A: explore regen
a: no special abilities


You were on level 3 of the Dungeon.
You visited 2 branches of the dungeon, and saw 6 of its levels.

You collected 100 gold pieces.

Inventory:

Hand Weapons
 a - a +0 quarterstaff (weapon)
 p - the +8 dagger of Gayd {freeze, rN+ Str+4}
   (You found it on level 2 of the Dungeon)

   Str+4:     It affects your strength (+4).
   rN+:       It protects you from negative energy.
 s - a +0 sling
Missiles
 e - a javelin
Armour
 b - a +0 leather armour
 c - a +0 helmet (worn)
 f - a +0 ring mail (worn)
 j - a +0 pair of gloves (worn)
 t - an orb of energy
Jewellery
 n - a ring of protection from fire (left hand)
Scrolls
 k - a scroll of silence
 q - a scroll of revelation {unknown}
 r - a scroll of torment {unknown}
 v - a scroll of enchant armour {unknown}
Potions
 i - a potion of magic {unknown}
 m - a potion of invisibility {unknown}
 u - a potion of curing {unknown}


   Skills:
 + Level 3.3 Fighting
 * Level 4.9 Staves
 - Level 2.0 Throwing
 + Level 2.4 Armour
 - Level 3.0 Dodging


You had 4 spell levels left.
You didn't know any spells.
Your spell library was empty.

Dungeon Overview and Level Annotations

Branches:
Dungeon (5/15)             Temple (1/1) D:5

Altars:
Elyvilon
Fedhas
Nemelex Xobeh
Okawaru
Qazlal
Sif Muna
Uskayaw
Wu Jian
The Shining One

Shops:
D:3 [

Annotations:
D:3 Pikel


Innate Abilities, Weirdness & Mutations

You regain HP and MP as you explore.


Message History

Pikel hits you with a +0 whip of flaming.
Pikel burns you.
You take 7 damage, and have 13/41 hp.
You hit Pikel but do no damage.
Pikel is almost dead.
The lemure hits you.
* * * LOW HITPOINT WARNING * * *
You take 1 damage, and have 12/41 hp.
You hit Pikel.
Pikel is almost dead.
The orc hits you but does no damage. Pikel barely misses you.
You closely miss Pikel.
Pikel is almost dead.
The lemure hits you.
* * * LOW HITPOINT WARNING * * *
The orc barely misses you. Pikel hits you but does no damage.
You take 1 damage, and have 11/41 hp.
You closely miss Pikel.
Pikel is almost dead.
The lemure completely misses you. The orc hits you but does no damage.
Pikel hits you with a +0 whip of flaming.
* * * LOW HITPOINT WARNING * * *
You closely miss Pikel.
Pikel is almost dead.
The lemure hits you.
* * * LOW HITPOINT WARNING * * *
You take 1 damage, and have 10/41 hp.
You barely miss Pikel.
Pikel is almost dead.
The orc hits you but does no damage.
Pikel hits you with a +0 whip of flaming.
* * * LOW HITPOINT WARNING * * *
You take 6 damage, and have 4/41 hp.
You closely miss Pikel.
Pikel is almost dead.
The lemure hits you but does no damage. The orc hits you with a +0 dagger.
* * * LOW HITPOINT WARNING * * *
Pikel hits you with a +0 whip of flaming.
You die...
Pikel says, "See you in Hell!"

...######+#
....oo5@Ko#
#....oo##g.....
#....o# .....
###### ....'
... .. .


You could see Pikel, a lemure, 6 orcs and a hobgoblin.

Vanquished Creatures
  Menkaure (D:5)
  4 adders
  A bombardier beetle (D:5)
  A ball python (D:2)
  4 endoplasms
  2 giant cockroaches (D:4)
  5 goblins
  4 hobgoblins
  A quokka (D:1)
  5 bats
  2 frilled lizards
  4 kobolds
  A rat (D:2)
35 creatures vanquished.

Notes
Turn   | Place    | Note
-------+----------+-------------------------------------------
     0 | D:1      | jasper the Human Gladiator began the quest for the Orb.
     0 | D:1      | Reached XP level 1. HP: 16/16 MP: 1/1
   503 | D:1      | Reached XP level 2. HP: 22/22 MP: 2/2
   957 | D:2      | Reached skill level 1 in Armour
  1046 | D:2      | Reached XP level 3. HP: 26/28 MP: 3/3
  1177 | D:2      | Identified the +8 dagger of Gayd {freeze, rN+ Str+4}
  1681 | D:3      | You fall into a shaft and drop 2 floors!
  1681 | D:5      | Entered Level 5 of the Dungeon
  1716 | D:5      | Reached skill level 4 in Staves
  1716 | D:5      | Reached XP level 4. HP: 25/34 MP: 4/4
  1799 | D:5      | Found a staircase to the Ecumenical Temple.
  1808 | Temple   | Entered the Ecumenical Temple
  1888 | D:5      | Noticed Menkaure
  1898 | D:5      | Killed Menkaure
  1899 | D:5      | Reached XP level 5. HP: 41/41 MP: 5/5
  1945 | D:4      | Noticed Pikel
  1945 | D:4      | Noticed a lemure
  1945 | D:4      | Noticed a lemure
  1968 | D:3      | Found Waityech's Armour Shoppe.
  2002 | D:3      | Slain by Pikel

Illustrated notes

Levels and vault maps discovered:
D:1:      amcnicky_arrival_underground_garden, layout_loops_cross,
          minmay_misc_feat_ornament, st_stairs_6,
          chequers_serial_rivers_large_a, minmay_splitting_lines,
          nrook_loot_triangle, minmay_misc_feat_columns
D:2:      layout_rooms, nicolae_half_adder
D:3:      minmay_wonky_spiral, layout_basic, lemuel_doored_altar,
          portal_sewer_entry_d, serial_shops, shop, cheibrodos_gnoll_hut
D:4:      layout_gridville, nicolae_ru_the_path_less_chosen,
          lemuel_crystal_altar, st_stairs_9, uniq_ijyb, uniq_pikel
D:5:      layout_cave_pods, minmay_temple_entry_antechambers, uniq_menkaure
Temple:   dpeg_three_leaves_temple

Skill      XL: |  1  2  3  4 |
---------------+-------------+-----
Armour         | 1 2 |  2.4
Staves         | 4 |  4.9
Fighting       | 3 |  3.3
Throwing       | |  2.0
Dodging        | |  3.0

Action                     |  1- 3 |  4- 6 || total
---------------------------+-------+-------++-------
  Melee: Quarterstaff      |    85 |    61 ||   146
   Fire: Sling             |    10 |       ||    10
  Throw: Throwing net      |       |     3 ||     3
    Use: Scroll            |     2 |     1 ||     3
         Potion            |       |     4 ||     4
   Stab: Held in net/web   |       |     2 ||     2
 Armour: Ring mail         |    53 |    60 ||   113
  Dodge: Dodged            |    56 |    45 ||   101

Table legend: (Time is in decaauts)
 A = Elapsed time spent in this place.
 B = Non-inter-level travel time spent in this place.
 C = Inter-level travel time spent in this place.
 D = Time resting spent in this place.
 E = Time spent auto-exploring this place.
 F = Levels seen in this place.
 G = Mean time per level.
                   A        B        C        D        E       F      G
               +--------+--------+--------+--------+--------+-----+--------+
         Total |   2018 |   1948 |     70 |     32 |   1477 |   6 |  336.3 |
       Dungeon |   2016 |   1946 |     70 |     32 |   1477 |   5 |  403.2 |
        Temple |      1 |      1 |      0 |      0 |      0 |   1 |    1.0 |
               +--------+--------+--------+--------+--------+-----+--------+

Top non-repeatable levels by time:
     D:1: 926 daAuts
     D:2: 676 daAuts
     D:5: 246 daAuts
     D:3: 125 daAuts
     D:4: 41 daAuts
  Temple: 1 daAuts
